 Dungeon Crawl Stone Soup version 0.30.1-3-gfc49f6343a (webtiles) character file.

Game seed: 13060950150744728059

284 booth the Ducker (level 6, -1/37 (43) HPs)
             Began as a Djinni Fire Elementalist on July 27, 2023.
             Slain by Edmund
             ... wielding a +4 flail of holy wrath
              (11 damage)
             ... on level 4 of the Dungeon.
             The game lasted 00:20:05 (3441 turns).

booth the Ducker (Djinni Fire Elementalist)         Turns: 3441, Time: 00:20:05

HP:   -1/37 (43)    AC:  3    Str:  7      XL:     6   Next: 54%
Gold: 174           EV: 18    Int: 19      God:
                    SH:  0    Dex: 12 (13)

rFire   + + .        e - +3 hand axe
rCold   x . .        (no shield)
rNeg    . . .        a - +0 robe
rPois   ∞            (no helmet)
rElec   .            (no cloak)
rCorr   .            b - +0 pair of gloves {Stlth+}
SInv    .            (boots unavailable)
Will    .....        (no amulet)
Stlth   +++          j - +5 ring of evasion
HPRegen 0.26/turn    (no ring)
MPRegen 0.00/turn

%: infuse magic (-2 HP)
@: flying, heavily drained
A: sickness immunity, fire resistance 2, cold vulnerability 1, float, innate
caster, HP casting, extra vitality 1
a: no special abilities


You were on level 4 of the Dungeon.
You visited 1 branch of the dungeon, and saw 4 of its levels.

You collected 174 gold pieces.

Inventory:

Hand Weapons
 e - a +3 hand axe (weapon)
Missiles
 h - 3 boomerangs (quivered)
 m - 3 curare-tipped darts
Armour
 a - a +0 robe (worn)
 b - a +0 pair of gloves of stealth (worn)
Jewellery
 j - a +5 ring of evasion (left hand)
Scrolls
 c - a scroll of vulnerability
 k - a scroll of poison {unknown}
 l - a scroll of blinking {unknown}
 n - 2 scrolls of teleportation
 p - a scroll of magic mapping
 q - a scroll of acquirement {unknown}
Potions
 d - a potion of invisibility
 g - a potion of haste
 i - a potion of curing
 o - a potion of brilliance {unknown}
 r - 2 potions of resistance {unknown}


   Skills:
 + Level 2.1 Fighting
 + Level 3.8 Dodging
 + Level 3.0 Stealth
 * Level 3.7 Spellcasting


You knew the following spells:

 Your Spells              Type           Power      Damage    Failure   Level
a - Foxfire               Conj/Fire      72%        2x1d7     3%          1
b - Scorch                Fire           36%        2d7       4%          2
c - Volatile Blastmotes   Fire/Tloc      36%        2d13      9%          3
d - Inner Flame           Hex/Fire       18%        N/A       9%          3
e - Flame Wave            Conj/Fire      18%        2d7       30%         4
f - Kiss of Death         Conj/Necr      72%        2d10      3%          1
g - Static Discharge      Conj/Air       36%        2-4/arc   4%          2
Your spell library was empty.

Dungeon Overview and Level Annotations

Branches:
Dungeon (4/15)
 Temple: D:4-7

Altars:
Makhleb
Nemelex Xobeh

Shops:
D:2 (

Annotations:
D:4 Edmund


Innate Abilities, Weirdness & Mutations

You are immune to sickness and miasma.
You are immune to poison.
Your flesh is very heat resistant. (rF++)
You are vulnerable to cold. (rC-)
You float through the air rather than walking.
You learn spells naturally, not from books.
Your magical power is your life essence.
You have superior vitality. (+4 MHP)


Message History

You feel much better.
Edmund is no longer more vulnerable to fire.
Edmund misses you.
Casting: Foxfire (safe; 3% risk of failure)
Confirm with . or Enter, or press ? or * to list all spells.
You conjure some foxfire!
Edmund completely misses you.
Casting: Foxfire (safe; 3% risk of failure)
Confirm with . or Enter, or press ? or * to list all spells.
Flames lash Edmund.
Edmund is severely wounded.
Edmund's fire resistance burns away.
The foxfire hits Edmund but does no damage.
Edmund is severely wounded.
The foxfire hits Edmund!
Edmund is burned terribly!
Edmund is severely wounded.
Edmund hits you with a +4 flail of holy wrath.
Casting: Scorch (safe; 4% risk of failure)
Confirm with . or Enter, or press ? or * to list all spells.
You conjure some foxfire!
Edmund barely misses you.
You closely miss Edmund.
Edmund is severely wounded.
The foxfire hits Edmund.
Edmund is almost dead.
The foxfire hits Edmund but does no damage.
Edmund is almost dead.
Edmund misses you. x2
Casting: Foxfire (safe; 3% risk of failure)
Confirm with . or Enter, or press ? or * to list all spells.
You conjure some foxfire!
Edmund hits you with a +4 flail of holy wrath!
* * * LOW HITPOINT WARNING * * *
You hit Edmund but do no damage.
Edmund is almost dead.
Edmund is no longer more vulnerable to fire.
The foxfire hits Edmund but does no damage.
Edmund is almost dead.
The foxfire hits Edmund.
Edmund is almost dead.
Edmund hits you with a +4 flail of holy wrath!
You die...

..........................# #.#..
.##.#.....####<#.####..##.# #.#..
..)......... ...........#.###.#..
)##.#.....####.#.####............
..#.#.....# #............###.#..
..#.......# ###.####............
!.... ....# #.................
..#.# .######.#####..#.###....
...... ......§@@........#####..
....... ..####§.####...........B
......... #..# ##....#####..
......... ....# #....# #.#
.......# ##...#####....# #.#
.......# #....@.......# .......#
##...#####....# .......#
####.......##....#
.......##.................#


You could see Edmund (drained).

Vanquished Creatures
  A phantom (D:4)
  A jelly (D:4)
  An orc priest (D:4)
  7 adders
  2 worms
  3 dart slugs
  2 orcs (D:4)
  7 endoplasms
  A giant cockroach (D:4)
  4 goblins
  3 hobgoblins
  10 jackals (D:1)
  A quokka (D:2)
  5 ball pythons
  2 bats
  4 frilled lizards
  3 kobolds
  5 rats
62 creatures vanquished.

Vanquished Creatures (others)
  136 foxfires
136 creatures vanquished.

Grand Total: 198 creatures vanquished

Notes
Turn   | Place    | Note
-------+----------+-------------------------------------------
     0 | D:1      | booth the Djinni Fire Elementalist began the quest for the
                  | Orb.
     0 | D:1      | booth set off with the following spells memorised: Foxfire,
                  | Scorch, Volatile Blastmotes, Inner Flame, Flame Wave.
     0 | D:1      | Reached XP level 1. HP: 15/15 MP: 0/0
   162 | D:1      | Found a faded altar of an unknown god.
   283 | D:1      | Reached XP level 2. HP: 21/21 MP: 0/0
   472 | D:1      | Reached XP level 3. HP: 16/25 MP: 0/0
   472 | D:1      | Learned a level 1 spell: Kiss of Death
  1001 | D:2      | Reached XP level 4. HP: 28/31 MP: 0/0
  1114 | D:2      | Reached skill level 1 in Fighting
  1143 | D:2      | Found Wiunawo's Antique Weapon Shop.
  1591 | D:2      | Reached XP level 5. HP: 36/37 MP: 0/0
  1591 | D:2      | Learned a level 2 spell: Static Discharge
  1864 | D:3      | Found a burning altar of Makhleb.
  1864 | D:3      | Noticed a green death
  1869 | D:3      | Noticed a smoke demon
  1869 | D:3      | Noticed a neqoxec
  2126 | D:3      | Found a sparkling altar of Nemelex Xobeh.
  2717 | D:4      | Noticed a phantom
  2725 | D:4      | Killed a phantom
  2726 | D:4      | Reached XP level 6. HP: 41/43 MP: 0/0
  2859 | D:4      | Noticed Edmund
  3441 | D:4      | Slain by Edmund

Illustrated notes

Levels and vault maps discovered:
D:1:      sevenhm_arrival_forest_fort_small_3, layout_loops_ring, serial_forest,
          infiniplex_forest_clump_long, infiniplex_forest_lined_3,
          infiniplex_forest_straight_3, infiniplex_forest_lined_3,
          shapermc_ecumenical_altar_venn
D:2:      layout_loops_cross, serial_shops, nicolae_shop_crystal
D:3:      layout_basic, makhleb_altar_promises_db, nemelex_spade_bored_becter
D:4:      layout_basic, uniq_edmund

Skill      XL: |  1  2  3  4  5  6 |
---------------+-------------------+-----
Stealth        | 2 3 |  3.0
Dodging        | 3 |  3.8
Spellcasting   | 3 |  3.7
Fighting       | 1 2 |  2.1

Action                     |  1- 3 |  4- 6 || total
---------------------------+-------+-------++-------
  Melee: Hand axe          |    26 |    42 ||    68
         Unarmed           |     2 |       ||     2
         Punch             |     1 |     1 ||     2
   Cast: Foxfire           |    31 |    43 ||    74
         Scorch            |     1 |    10 ||    11
         Kiss of Death     |       |     1 ||     1
    Use: Scroll            |     4 |     6 ||    10
         Potion            |     1 |     4 ||     5
   Stab: Sleeping          |     1 |     4 ||     5
 Armour: Robe              |     6 |     3 ||     9
  Dodge: Dodged            |    31 |    42 ||    73
